 Dungeon Crawl Stone Soup version 0.29-a0-40-g8eb35efe60 (webtiles) character file.

Game seed: 15288990134241389893

571 Ajdolov the Digger (level 7, 0/41 HPs)
             Began as an Octopode Earth Elementalist on Feb 1, 2022.
             Was a Believer of Vehumet.
             Slain by a bullfrog (8 damage)
             ... in a sewer.
             The game lasted 00:11:37 (6616 turns).

Ajdolov the Digger (Octopode Earth Elementalist)    Turns: 6616, Time: 00:11:38

Health: 0/41       AC:  1    Str:  7    XL:     7   Next: 34%
Magic:  8/10       EV: 10    Int: 19    God:    Vehumet [**....]
Gold:   229        SH:  0    Dex: 13    Spells: 6/10 levels left

rFire   . . .      SeeInvis .   r - +2 trident (vorpal)
rCold   . . .      Faith    .   (no shield)
rNeg    . . .      Spirit   .   (helmet restricted)
rPois   .          Reflect  .   (no amulet)
rElec   .          Harm     .   (no ring)
rCorr   .          Rampage  .   (no ring)
Will    .....                   (no ring)
Stlth   ++++......              (no ring)
HPRegen 0.13/turn               (no ring)
MPRegen 0.12/turn               (no ring)
                                (no ring)
                                (no ring)

@: constricted
A: almost no armour, amphibious, 8 rings, camouflage 1, gelatinous body 1,
nimble swimmer 1, tentacles
a: Renounce Religion


You were in a sewer.
You worshipped Vehumet.
Vehumet was pleased with you.
You visited 2 branches of the dungeon, and saw 6 of its levels.
You also visited: Sewer.

You collected 229 gold pieces.

Inventory:

Hand Weapons
 r - a +2 vorpal trident (weapon)
Armour
 m - an orb of guile
Wands
 p - a wand of polymorph (14)
Scrolls
 a - 5 scrolls of identify {unknown}
 f - 3 scrolls of fear {unknown}
 g - 2 scrolls of vulnerability {unknown}
 h - a scroll of teleportation {unknown}
 n - a scroll of blinking {unknown}
 o - a scroll of fog {unknown}
 t - a scroll of acquirement {unknown}
 u - a scroll of brand weapon {unknown}
Potions
 b - a potion of haste {unknown}
 c - 3 potions of brilliance
 d - 3 potions of mutation {unknown}
 e - a potion of invisibility {unknown}
 i - 4 potions of curing
 j - a potion of cancellation {unknown}
 k - 3 potions of degeneration {unknown}
 l - a potion of berserk rage {unknown}
 q - a potion of attraction {unknown}
 s - a potion of might {unknown}


   Skills:
 - Level 2.0 Dodging
 - Level 2.6 Stealth
 - Level 2.0 Spellcasting
 * Level 4.7 Conjurations
 - Level 1.0 Transmutations
 * Level 6.5 Earth Magic


You had 6 spell levels left.
You knew the following spells:

 Your Spells              Type           Power      Damage    Failure   Level
a - Sandblast             Erth           52%        2d12      1%          1
b - Stone Arrow           Conj/Erth      46%        3d9       4%          3

Your spell library contained the following spells:

 Spells                   Type           Power      Damage    Failure   Level
 Poisonous Vapours        Pois/Air       2%         N/A       26%         2
 Passwall                 Tmut/Erth      13%        N/A       5%          2
 Conjure Flame            Conj/Fire      10%        6-21      19%         3
 Petrify                  Tmut/Erth      16%        N/A       34%         4
 Ignite Poison            Fire/Tmut/Pois 3%         N/A       41%         3
 Sticky Flame             Conj/Fire      10%        2d3       54%         4


Dungeon Overview and Level Annotations

Branches:
Dungeon (5/15)             Temple (1/1) D:4           Sewer (1/1)

Altars:
Cheibriados
Dithmenos
Elyvilon
Fedhas
Gozag
Nemelex Xobeh
Okawaru
Sif Muna
Trog
Uskayaw
Vehumet
Wu Jian
The Shining One

Shops:
D:2 *

Annotations:
D:5 Menkaure


Innate Abilities, Weirdness & Mutations

You cannot wear most types of armour.
You are amphibious.
You can wear up to eight rings at the same time.
Your skin changes colour to match your surroundings (Stealth+).
Your rubbery body absorbs attacks. (AC +1, EV +1)
You are camouflaged when in or above water. (Stealth+)
You have tentacles for arms and can constrict up to eight enemies at once.


Message History

The bullfrog croaks.
You grab the bullfrog. You constrict the bullfrog. The bullfrog hits you.
You puncture the bullfrog!
The bullfrog is heavily wounded.
You constrict the bullfrog.
The bullfrog hits you. x2; The adder bites you.
You are poisoned.
The adder poisons you!
You hit the bullfrog. You squeeze the bullfrog.
You kill the bullfrog!
Vehumet accepts your kill.
You feel sick. The bullfrog closely misses you. The adder bites you.
The frilled lizard closely misses you. The bullfrog closely misses you.
The ball python barely misses you. The ball python grabs you.
The ball python constricts you.
Okay, then.
Reach: r) +2 trident (vorpal)
Press: ? - help, Dir - move target, f - bullfrog
Aim: a bullfrog (about 50% to evade your +2 vorpal trident)
Okay, then.
Casting: Sandblast (safe; 1% risk of failure)
Confirm with . or Enter, or press ? or * to list all spells.
Aiming: Stone Arrow (dangerous; 4% risk of failure)
Press: ? - help, Shift-Dir - straight line, f - adder
Aim: an adder (53% to hit)
The stone arrow hits the adder!!
You kill the adder!
Vehumet accepts your kill.
You feel your power returning.
You feel sick. The bullfrog hits you.
* * * LOW HITPOINT WARNING * * *
The ball python bites you.
* * * LOW HITPOINT WARNING * * *
The ball python constricts you.
* * * LOW HITPOINT WARNING * * *
The frilled lizard bites you but does no damage.
You feel better. The bullfrog hits you.
* * * LOW HITPOINT WARNING * * *
The ball python misses you. The ball python constricts you.
* * * LOW HITPOINT WARNING * * *
The bullfrog hits you!
You die...

#≈≈≈≈≈≈#
#≈≈≈≈≈≈#
#≈≈≈≈≈≈#
#≈≈≈≈≈≈#
#≈≈≈≈≈≈#
##≈≈≈≈##
#≈≈≈≈≈≈#
#≈.....#
#≈.≈≈≈≈#
#≈≈≈≈≈≈#
#≈.≈≈≈≈#
#≈≈≈≈≈≈#
#≈≈≈≈≈≈#
#≈≈≈≈≈≈#
#≈#≈≈≈≈#
#≈≈≈≈≈≈#
#≈≈≈F@≈#
#≈≈≈≈≈≈#
#≈≈≈JSl#
#≈≈≈≈≈≈#
#≈≈≈≈≈≈#
#≈≈≈≈≈≈#
#≈≈≈≈≈≈#
#≈≈≈≈≈≈##
#.≈≈≈≈.#
#....≈.##
#......#
#......##
#......#
##......#
#......+
#.....†.
##....##
##......


You could see a bullfrog, an endoplasm, a ball python and a frilled lizard.

Vanquished Creatures
  A bullfrog (Sewer)
  A scorpion (D:4)
  A hound (D:4)
  An orc priest (D:5)
  An orc wizard (D:3)
  3 gnolls (D:4)
  13 adders
  6 river rats
  3 worms
  3 dart slugs
  15 orcs
  4 bats
  8 endoplasms
  2 giant cockroaches (D:1)
  6 goblins
  12 hobgoblins
  6 jackals
  8 kobolds
  3 quokkas
  19 ball pythons
  4 frilled lizards
  33 rats
153 creatures vanquished.

Notes
Turn   | Place    | Note
-------+----------+-------------------------------------------
     0 | D:1      | Ajdolov the Octopode Earth Elementalist began the quest for
                  | the Orb.
     0 | D:1      | Reached XP level 1. HP: 11/11 MP: 3/3
   267 | D:1      | Reached XP level 2. HP: 17/17 MP: 3/5
   595 | D:1      | Reached skill level 4 in Earth Magic
   618 | D:1      | Reached XP level 3. HP: 20/21 MP: 1/6
   637 | D:1      | Learned a level 3 spell: Stone Arrow
  1205 | D:2      | Found a glowing golden altar of the Shining One.
  1236 | D:2      | Found Miwn's Assorted Antiques.
  1598 | D:2      | Reached skill level 1 in Conjurations
  2464 | D:3      | Reached XP level 4. HP: 27/27 MP: 7/7
  2688 | D:3      | Found a faded altar of an unknown god.
  3003 | D:3      | Reached XP level 5. HP: 26/31 MP: 5/8
  3275 | D:3      | Found a hide-covered altar of Uskayaw.
  3479 | D:4      | Reached skill level 5 in Earth Magic
  3914 | D:4      | Found a staircase to the Ecumenical Temple.
  3922 | Temple   | Entered the Ecumenical Temple
  4088 | Temple   | Became a worshipper of Vehumet
  4653 | D:4      | Reached XP level 6. HP: 36/36 MP: 5/9
  4862 | D:4      | HP: 1/36 [poisoned by a scorpion]
  5174 | D:5      | Entered Level 5 of the Dungeon
  5207 | D:5      | Noticed Menkaure
  5370 | D:5      | Reached skill level 6 in Earth Magic
  5557 | D:5      | Reached * piety under Vehumet
  5557 | D:5      | Offered knowledge of Shock by Vehumet.
  5728 | D:5      | Reached XP level 7. HP: 13/41 MP: 10/10
  5731 | D:5      | Found a glowing drain.
  5810 | Sewer    | Entered a sewer
  6540 | Sewer    | Offered knowledge of Poisonous Vapours by Vehumet.
  6541 | Sewer    | Reached ** piety under Vehumet
  6616 | Sewer    | Slain by a bullfrog

Illustrated notes

Levels and vault maps discovered:
D:1:      giann_wishing_wells, layout_loops_ring
D:2:      layout_basic, basic_altar, serial_shops,
          nicolae_shop_competitors_out_of_business, minmay_hexomino_u4
D:3:      layout_basic, nicolae_overflow_hidden_temple,
          ebering_ecumenical_altar_box, chequers_decorated_corner,
          amethyst_killhole, minmay_surrounded
D:4:      layout_basic, minmay_temple_entry_ruins
D:5:      layout_basic, zin_statuary, lightli_sewer_entry_pipes,
          gammafunk_ghost_split, st_stairs_1, pf_guarded_unrand_meek,
          uniq_menkaure, uniq_sigmund
Temple:   dpeg_chambers_temple
Sewer:    sewer_minmay_w

Skill      XL: |  1  2  3  4  5  6 |
---------------+-------------------+-----
Earth Magic    | 4 5 6 |  6.5
Conjurations   | 1 2 3 4 |  4.7
Dodging        | |  2.0
Stealth        | |  2.6
Spellcasting   | |  2.0
Transmutations | |  1.0

Action                   |  1- 3 |  4- 6 |  7- 9 || total
-------------------------+-------+-------+-------++-------
Melee: Dagger            |    35 |    32 |       ||    67
       Tentacles         |    10 |    18 |     5 ||    33
       Constrict         |     9 |    18 |     8 ||    35
       Punch             |     1 |       |       ||     1
       Trident           |       |    34 |    61 ||    95
 Cast: Sandblast         |    33 |    74 |       ||   107
       Stone Arrow       |       |     8 |     3 ||    11
  Use: Potion            |       |     2 |     1 ||     3
 Stab: Sleeping          |     4 |     6 |     2 ||    12
Armor: Skin              |     6 |     7 |     3 ||    16
Dodge: Dodged            |    44 |    60 |    48 ||   152

Table legend: (Time is in decaauts)
 A = Elapsed time spent in this place.
 B = Non-inter-level travel time spent in this place.
 C = Inter-level travel time spent in this place.
 D = Time resting spent in this place.
 E = Time spent auto-exploring this place.
 F = Levels seen in this place.
 G = Mean time per level.
                   A        B        C        D        E       F      G
               +--------+--------+--------+--------+--------+-----+--------+
         Total |   6644 |   6458 |    186 |   1409 |   3919 |   7 |  949.1 |
       Dungeon |   5632 |   5466 |    166 |    961 |   3580 |   5 | 1126.4 |
        Temple |    187 |    167 |     20 |      0 |    148 |   1 |  187.0 |
         Sewer |    824 |    824 |      0 |    448 |    191 |   1 |  824.0 |
               +--------+--------+--------+--------+--------+-----+--------+

Top non-repeatable levels by time:
     D:4: 1391 daAuts
     D:2: 1296 daAuts
     D:3: 1218 daAuts
     D:1: 1163 daAuts
   Sewer: 824 daAuts
     D:5: 562 daAuts
  Temple: 187 daAuts
